 Dungeon Crawl Stone Soup version 0.26-b1-32-g5d43845318 (webtiles) character file.

Game seed: 17110532799561114280

19368 Borgoz the Basher (level 12, -14/78 HPs)
             Began as a Gargoyle Gladiator on Jan 10, 2021.
             Hit by a large rock thrown by a cyclops (29 damage)
             ... summoned by an orange crystal statue
             ... on level 12 of the Dungeon.
             The game lasted 00:22:20 (12390 turns).

Borgoz the Basher (Gargoyle Gladiator)             Turns: 12390, Time: 00:22:21

Health: -14/78     AC: 17    Str: 29    XL:     12   Next: 68%
Magic:  0/12       EV: 26    Int:  8    God:
Gold:   987        SH:  0    Dex: 21    Spells: 11/11 levels left

rFire    . . .     SeeInvis .   B - +1 dire flail (vorpal)
rCold    + . .     Faith    .   (shield currently unavailable)
rNeg     + . .     Spirit   +   F - +0 steam dragon scales
rPois    ∞         Reflect  .   Q - +0 helmet of the Lair of Beasts {Harm Regen+ Str+4} (curse)
rElec    +         Harm     +   K - +2 cloak {Stlth+}
rCorr    .         Rampage  .   A - +2 pair of gloves "Sunnoely" {*Corrode rC+ Will++ Regen+}
Will     ++...                  v - +0 pair of boots
Stlth    ++........             j - amulet of guardian spirit
HPRegen  1.03/turn              f - +4 ring of evasion
MPRegen  0.13/turn              R - ring of Seava {*Corrode rElec Str+5 Dex+6}

@: corroded, very slightly contaminated, invisible
A: negative energy resistance 1, electricity resistance, unbreathing,
petrification resistance, miasma immunity, AC +8
a: no special abilities


You were on level 12 of the Dungeon.
You visited 2 branches of the dungeon, and saw 13 of its levels.
You also visited: Gauntlet.

You collected 987 gold pieces.

Inventory:

Hand Weapons
 b - a +2 morningstar of flaming
 B - a +1 vorpal dire flail (weapon)
Missiles
 d - 8 throwing nets (quivered)
Armour
 v - a +0 pair of boots (worn)
 A - the +2 pair of gloves "Sunnoely" (worn) {*Corrode rC+ Will++ Regen+}
   (You found it on level 5 of the Dungeon)

   It protects you from cold.
   It affects your willpower, your defense against some magical effects.
   It increases your rate of regeneration.
   It may corrode you when you take damage.
 F - +0 steam dragon scales (worn)
 H - a +3 leather armour of fire resistance
 J - a +2 hat
 K - a +2 cloak of stealth (worn)
 M - a +0 troll leather armour
 N - a +1 scale mail of cold resistance
 Q - the cursed +0 helmet of the Lair of Beasts (worn) {Harm Regen+ Str+4}
   (You found it in a Gauntlet)

   It affects your strength (+4).
   It increases your rate of regeneration.
   It increases damage dealt and taken.
   It has a curse placed upon it.
Jewellery
 f - a +4 ring of evasion (left hand)
 j - an amulet of guardian spirit (around neck)
 o - an uncursed ring of ice
 D - an uncursed amulet of reflection
 O - an uncursed ring of see invisible
 P - the ring of the Griffon {rPois Will+ Str+4 Int+2 Slay-3}
   (You found it in a Gauntlet)

   [ring of willpower]

   It affects your strength (+4).
   It affects your intelligence (+2).
   It affects your accuracy and damage with ranged weapons and melee attacks
   (-3).
   It protects you from poison.
   It affects your willpower, your defense against some magical effects.
 R - the ring of Seava (right hand) {*Corrode rElec Str+5 Dex+6}
   (You took it off a minotaur in a Gauntlet)

   [ring of dexterity]

   It affects your strength (+5).
   It affects your dexterity (+6).
   It insulates you from electricity.
   It may corrode you when you take damage.
 S - a +6 ring of strength
Wands
 m - a wand of acid (21)
 w - a wand of iceblast (5)
 x - a wand of flame (17)
 C - a wand of disintegration (11)
 T - a wand of paralysis (9)
 U - a wand of digging (5)
Scrolls
 c - 2 scrolls of blinking
 g - 2 scrolls of acquirement {unknown}
 h - 9 scrolls of remove curse
 k - 2 scrolls of enchant armour {unknown}
 n - 2 scrolls of immolation {unknown}
 p - a scroll of fear {unknown}
 q - 3 scrolls of magic mapping
 s - 5 scrolls of teleportation
 t - a scroll of noise {unknown}
 y - a scroll of random uselessness {unknown}
 E - a scroll of enchant weapon {unknown}
 G - a scroll of summoning {unknown}
 L - a scroll of fog {unknown}
Potions
 a - 7 potions of curing
 e - 5 potions of haste
 i - a potion of resistance
 l - a potion of invisibility
 r - a potion of heal wounds
 u - 5 potions of brilliance
 z - 5 potions of might {unknown}
 I - 2 potions of cancellation


   Skills:
 + Level 10.3 Fighting
 * Level 13.1 Maces & Flails
 - Level 1.7 Throwing
 * Level 11.2 Dodging


You had 11 spell levels left.
You didn't know any spells.
Your spell library contained the following spells:

 Spells                   Type           Power        Failure   Level
 Animate Skeleton         Necr           0%           41%         1
 Beastly Appendage        Tmut           0%           41%         1
 Corona                   Hex            0%           41%         1
 Foxfire                  Conj/Fire      0%           41%         1
 Pain                     Necr           0%           41%         1
 Shock                    Conj/Air       0%           41%         1
 Sting                    Tmut/Pois      0%           41%         1
 Ensorcelled Hibernation  Hex/Ice        0%           54%         2
 Poisonous Vapours        Pois/Air       0%           54%         2
 Swiftness                Air            0%           54%         2
 Wereblood                Tmut           0%           54%         2
 Confusing Touch          Hex            0%           78%         3
 Conjure Flame            Conj/Fire      0%           78%         3
 Dazzling Flash           Conj/Hex       0%           78%         3
 Ignite Poison            Fire/Tmut/Pois 0%           78%         3
 Inner Flame              Hex/Fire       0%           78%         3
 Mephitic Cloud           Conj/Pois/Air  0%           78%         3
 Spider Form              Tmut/Pois      0%           78%         3
 Static Discharge         Conj/Air       0%           78%         3
 Tukima's Dance           Hex            0%           78%         3
 Vampiric Draining        Necr           0%           78%         3
 Airstrike                Air            0%           99%         4
 Animate Dead             Necr           0%           99%         4
 Cause Fear               Hex            0%           99%         4
 Ice Form                 Ice/Tmut       0%           99%         4
 Olgreb's Toxic Radiance  Pois           0%           99%         4
 Sticky Flame             Conj/Fire      0%           99%         4
 Agony                    Necr           0%           100%        5
 Blade Hands              Tmut           0%           100%        5
 Borgnjor's Vile Clutch   Necr/Erth      0%           100%        5
 Fireball                 Conj/Fire      0%           100%        5
 Lightning Bolt           Conj/Air       0%           100%        5
 Silence                  Hex/Air        0%           100%        5
 Yara's Violent Unravell  Hex/Tmut       0%           100%        5
 Shadow Creatures         Summ           N/A          100%        6
 Discord                  Hex            0%           100%        8


Dungeon Overview and Level Annotations

Branches:
Dungeon (12/15)            Temple (1/1) D:7            Lair (0/6) D:8
    Orc (0/2) D:11        Gauntlet (visited)

Altars:
Ashenzari
Cheibriados
Dithmenos
Elyvilon
Fedhas
Gozag
Hepliaklqana
Kikubaaqudgha
Makhleb
Nemelex Xobeh
Okawaru
Qazlal
Ru
Sif Muna
Trog
Uskayaw
Vehumet
Wu Jian
Xom
Yredelemnul
Zin
The Shining One

Shops:
D:5 }

Annotations:
D:12 exclusion: orange crystal statue


Innate Abilities, Weirdness & Mutations

You are resistant to torment.
Your stone body is resilient. (AC +8)
You are immune to poison.
You resist negative energy. (rN+)
You are resistant to electric shocks. (rElec)
You can survive without breathing.
You are immune to petrification.
You are immune to miasma.


Message History

The orange crystal statue is lightly damaged.
The worker ant completely misses you. The adder completely misses you.
The crystal guardian closely misses you.
The boulder beetle completely misses you.
The bullfrog completely misses you.
You hit the orange crystal statue but do no damage.
The orange crystal statue is lightly damaged.
The manticore misses you. The manticore completely misses you.
The manticore claws you.
* * * LOW HITPOINT WARNING * * *
The worker ant completely misses you. The bullfrog completely misses you.
The adder completely misses you.
Blink to where?
Press: ? - help, Dir - move target
As you read the scroll of blinking, it crumbles to dust.
The crystal guardian fires a crystalline bolt at you.
The crystal bolt misses you.
The cyclops throws a large rock.
The large rock closely misses you.
The large rock dissolves into shadows!
The cyclops throws a large rock.
The large rock hits you!!
You die...

#..............#,,,,*****+***,,
#####...(......#,,,,*,,,,,,>*,,
#..........#,,,,*,,,,,,,*,,
#..###.....#,,,,*,,,,,,,*,,
#..# ###...#,,,,*,,,,,,,*,,
#..# #...#,,,,*********,, #..#
#...#,,,,,,,,,,,,,,, #..#
#...#,,,,,,,,,,,,,,, #..#
#..@######,,,,,,,,,,
#..#####†.......+.,,,,,,,,,
*#...≈≈≈≈†≈○≈≈≈≈≈≈..,,,,,,,,
*....≈#####○#####≈..,,,,,,,,
***...,≈#####'#####≈,.,,,,,,,,
*,,.,,,≈#....$.[!.#≈,,,,,,,,,,
*,,,,**≈#...8C8.$.#≈,,,,,,,,,,
*,,,,**≈#[.?BB....#≈,,,,,,,,,,
*,,,,**≈#.}.HS$...#≈,,,,,,,,,,


You could see a boulder beetle, 2 crystal guardians, a cyclops (summoned) and a
worker ant (summoned).

Vanquished Creatures
  Gastronok (D:8)
  A minotaur (Gauntlet)
  A great orb of eyes (Gauntlet)
  A hydra (D:11)
  Harold (D:10)
  Fannar (D:11)
  Erica (D:8)
  Nergalle (D:12)
  An obsidian statue (Gauntlet)
  2 unseen horrors
  Pikel (D:4)
  The ghost of Raspi the Cleaver, a novice FoFi of Qazlal (D:5)
  A manticore (D:12)
  An ugly thing (Gauntlet)
  2 cyclopes (D:11)
  Maurice (D:8)
  Maggie (D:7)
  A gargoyle (D:12)
  A komodo dragon (D:8)
  3 trolls
  A wraith (D:11)
  10 yaks
  A steam dragon (D:10)
  Menkaure (D:6)
  Edmund (D:5)
  A water moccasin (D:6)
  2 black bears
  7 orc warriors
  A sky beast (D:10)
  Duvessa (D:7)
  2 necrophages
  2 eyes of draining
  A phantom (D:3)
  8 ogres
  A centaur (D:9)
  A lemure (D:4)
  3 big kobolds
  5 bullfrogs
  Dowan (D:7)
  2 scorpions
  7 killer bees
  3 wights (D:5)
  3 bullfrog zombies
  3 jellies
  A quasit (D:8)
  5 orc priests
  8 hounds
  A bullfrog skeleton (D:10)
  2 gnoll shamans (D:9)
  3 centaur skeletons
  Jessica (D:2)
  Terence (D:2)
  2 iguanas
  10 orc wizards
  10 worker ants
  A killer bee zombie (D:7)
  A hound zombie (D:9)
  A mummy (D:6)
  A howler monkey zombie (D:5)
  11 adders
  9 gnolls (D:9)
  A shadow imp (D:10)
  2 white imps
  An ufetubus (D:6)
  An adder skeleton (D:4)
  6 worms
  A dart slug (D:1)
  3 leopard geckos
  44 orcs
  3 giant cockroaches
  7 goblins
  7 hobgoblins
  10 jackals
  12 kobolds
  8 quokkas
  A ball python (D:6)
  A ball python skeleton (D:6)
  13 bats
  5 frilled lizards
  A giant cockroach zombie (D:6)
  2 hobgoblin zombies (D:6)
  2 kobold zombies (D:6)
  A leopard gecko zombie (D:7)
  8 rats
  4 toadstools (D:1)
304 creatures vanquished.

Vanquished Creatures (others)
  6 fungi
  12 plants
  2 withered plants (Gauntlet)
20 creatures vanquished.

Grand Total: 324 creatures vanquished

Notes
Turn   | Place    | Note
-------+----------+-------------------------------------------
     0 | D:1      | Borgoz the Gargoyle Gladiator began the quest for the Orb.
     0 | D:1      | Reached XP level 1. HP: 12/12 MP: 1/1
   110 | D:1      | Reached XP level 2. HP: 18/18 MP: 2/2
   482 | D:1      | Reached XP level 3. HP: 19/22 MP: 3/3
   985 | D:2      | Noticed Jessica
   993 | D:2      | Killed Jessica
   994 | D:2      | Reached XP level 4. HP: 21/27 MP: 4/4
  1308 | D:2      | Noticed Terence
  1317 | D:2      | Killed Terence
  1318 | D:2      | Reached skill level 4 in Maces & Flails
  1807 | D:3      | Reached XP level 5. HP: 32/32 MP: 5/5
  2711 | D:4      | Noticed a phantom
  2711 | D:4      | Noticed an ogre
  2711 | D:4      | Noticed an ogre
  2726 | D:3      | Killed an ogre
  2727 | D:3      | Reached XP level 6. HP: 25/37 MP: 3/6
  2783 | D:3      | Killed a phantom
  2784 | D:3      | Reached skill level 5 in Maces & Flails
  2909 | D:3      | Reached XP level 7. HP: 33/43 MP: 4/7
  3139 | D:4      | Found a radiant altar of Vehumet.
  3162 | D:4      | Found the macabre finger necklace {rN+}
  3181 | D:4      | Found an iron altar of Okawaru.
  3322 | D:4      | Found a basalt altar of Yredelemnul.
  3322 | D:4      | Noticed Pikel
  3345 | D:4      | Killed Pikel
  3346 | D:4      | Reached skill level 5 in Fighting
  3346 | D:4      | Reached skill level 6 in Maces & Flails
  3346 | D:4      | Reached skill level 5 in Dodging
  3346 | D:4      | Reached XP level 8. HP: 38/49 MP: 6/8
  3456 | D:4      | You fall into a shaft and drop 1 floor!
  3456 | D:5      | Entered Level 5 of the Dungeon
  3645 | D:5      | Reached skill level 7 in Maces & Flails
  3730 | D:5      | Got a pair of ichor-stained gloves
  3736 | D:5      | Identified the +2 pair of gloves "Sunnoely" {*Corrode rC+
                  | Will++ Regen+} (You found it on level 5 of the Dungeon)
  3743 | D:5      | Noticed Edmund
  3754 | D:5      | Killed Edmund
  3869 | D:5      | Found Xanar's Gadget Shop.
  4085 | D:5      | Reached XP level 9. HP: 55/55 MP: 9/9
  4171 | D:5      | Found a burning altar of Makhleb.
  4254 | D:5      | Found a large runed translucent door.
  4255 | D:5      | Found a large runed translucent door.
  4258 | D:5      | Noticed Raspi's ghost (novice FoFi)
  4595 | D:6      | Noticed Menkaure
  4602 | D:6      | Killed Menkaure
  4673 | D:6      | Reached skill level 8 in Maces & Flails
  4747 | D:6      | Found a snail-covered altar of Cheibriados.
  5095 | D:6      | Found a hide-covered altar of Uskayaw.
  5124 | D:6      | Found an opulent altar of Gozag.
  5185 | D:7      | Noticed Maggie
  5192 | D:7      | Killed Maggie
  5329 | D:7      | Noticed Dowan
  5330 | D:7      | Noticed Duvessa
  5350 | D:7      | Killed Duvessa
  5367 | D:7      | Killed Dowan
  5486 | D:7      | Found a glowing silver altar of Zin.
  5794 | D:7      | Found a staircase to the Ecumenical Temple.
  5837 | Temple   | Entered the Ecumenical Temple
  6383 | D:5      | Killed Raspi's ghost
  6384 | D:5      | Reached skill level 9 in Maces & Flails
  6495 | D:4      | Reached XP level 10. HP: 63/63 MP: 10/10
  6538 | D:4      | Found a broken altar of Ashenzari.
  6839 | D:8      | Noticed Gastronok
  6860 | D:8      | Killed Gastronok
  6861 | D:8      | Reached skill level 10 in Maces & Flails
  6942 | D:8      | Noticed Maurice
  6952 | D:8      | Killed Maurice
  6966 | D:8      | Noticed Erica
  6981 | D:8      | Killed Erica
  7246 | D:8      | Found a hazy altar of Hepliaklqana.
  7252 | D:8      | Found a staircase to the Lair.
  7864 | D:9      | Reached XP level 11. HP: 68/68 MP: 11/11
  8052 | D:9      | Reached skill level 11 in Maces & Flails
  8103 | D:9      | Found a sparkling altar of Nemelex Xobeh.
  9477 | D:10     | Entered Level 10 of the Dungeon
  9743 | D:10     | Noticed Harold
  9758 | D:10     | Killed Harold
  9885 | D:10     | Killed an unseen horror
  9886 | D:10     | Reached skill level 10 in Dodging
 10608 | D:11     | Noticed an unseen horror
 10615 | D:11     | Killed an unseen horror
 10628 | D:11     | Noticed a four-headed hydra
 10647 | D:11     | Killed a four-headed hydra
 10648 | D:11     | Reached skill level 12 in Maces & Flails
 10744 | D:11     | Noticed Fannar
 10846 | D:11     | Killed Fannar
 10847 | D:11     | Reached XP level 12. HP: 70/76 MP: 9/12
 11676 | D:11     | Found a staircase to the Orcish Mines.
 11761 | D:12     | Noticed Nergalle
 11780 | D:12     | Killed Nergalle
 11781 | D:12     | Reached skill level 10 in Fighting
 11818 | D:12     | Found a gate leading to a gauntlet.
 11871 | Gauntlet | Entered a Gauntlet
 11871 | Gauntlet | Found a transporter.
 11880 | Gauntlet | Found a transporter.
 11882 | Gauntlet | Found a transporter.
 11883 | Gauntlet | Noticed a dire elephant
 11885 | Gauntlet | Found a transporter.
 11886 | Gauntlet | Found a transporter.
 11886 | Gauntlet | Found a transporter.
 11897 | Gauntlet | Found a transporter.
 11897 | Gauntlet | Noticed a great orb of eyes
 11898 | Gauntlet | Found a transporter.
 11965 | Gauntlet | Found a transporter.
 11981 | Gauntlet | Found a transporter.
 11984 | Gauntlet | Found the +3 salamander hide armour {Flames rF++ rC--}
 11985 | Gauntlet | Found a transporter.
 11995 | Gauntlet | Found a transporter.
 12075 | Gauntlet | Got a brightly glowing platinum amulet
 12089 | Gauntlet | Identified the amulet of Lurymn {Faith rPois rN+ Slay-2}
                  | (You found it in a Gauntlet)
 12218 | Gauntlet | Killed a great orb of eyes
 12227 | Gauntlet | Got a slimy marble ring
 12234 | Gauntlet | Got a crude helmet
 12245 | Gauntlet | Identified the cursed +0 helmet of the Lair of Beasts {Harm
                  | Regen+ Str+4} (You found it in a Gauntlet)
 12280 | Gauntlet | Identified the ring of Seava {*Corrode rElec Str+5 Dex+6}
 12280 | Gauntlet | Noticed a minotaur
 12293 | Gauntlet | Killed a minotaur
 12294 | Gauntlet | Reached skill level 13 in Maces & Flails
 12315 | D:12     | Identified the ring of the Griffon {rPois Will+ Str+4 Int+2
                  | Slay-3} (You found it in a Gauntlet)
 12350 | D:12     | Found a runed translucent door.
 12378 | D:12     | Noticed a crystal guardian
 12379 | D:12     | Noticed a crystal guardian
 12379 | D:12     | Noticed a boulder beetle
 12390 | D:12     | Hit by a large rock thrown by a cyclops

Illustrated notes

Levels and vault maps discovered:
D:1:      ldierk_water_garden, layout_loops_ring, minmay_pentomino_q2
D:2:      layout_basic, uniq_jessica, uniq_terence
D:3:      layout_loops_ring
D:4:      layout_rooms, kennysheep_mini_moat, lemuel_coloured_pillars_altar,
          overflow_temple_1_default, lemuel_round_altar, uniq_pikel
D:5:      layout_loops_ring, lightli_temple_of_fire,
          ebering_ghost_disaster_area, serial_shops, shop,
          lightli_corner_chamber, uniq_edmund
D:6:      layout_basic, slow_altar_1, minitemple, minmay_mini_ossuary,
          uniq_menkaure
D:7:      layout_loops_ring, zin_treasury, minmay_temple_entry_overgrown,
          serial_co_window_serial, co_window_paths_a, co_window_cross_1,
          co_window_paths_b, co_window_corner_a, co_window_paths_b,
          co_window_2corner, co_window_2corner, co_window_corner_b,
          co_window_2corner, co_window_2corner, co_window_corner_cb,
          uniq_maggie, uniq_duvessa
D:8:      layout_layer_cave, nzn_hepliaklqana_mist_gate, david_lair_shrubbed,
          uniq_maurice, uniq_erica, uniq_gastronok
D:9:      kennysheep_seaside_town, layout_layer_cave,
          nemelex_diamond_rough_becter
D:10:     layout_basic, minivault_16, uniq_harold
D:11:     layout_gridville, hiddenorc1_lemuel, uniq_fannar
D:12:     layout_irregular_city, gauntlet_entry_generic,
          chequers_serial_rivers_micro_a, minmay_crystal_box, uniq_nergalle
Temple:   minmay_temple_bridge_abc

Skill      XL: |  1  2  3  4  5  6  7  8  9 10 11 12 |
---------------+-------------------------------------+-----
Dodging        | 3 4 5 6 7 9 10 11 | 11.2
Fighting       | 3 4 5 7 8 9 10 | 10.3
Maces & Flails | 4 5 6 7 9 10 12 13 | 13.1
Throwing       | |  1.7

Action                   |  1- 3 |  4- 6 |  7- 9 | 10-12 || total
-------------------------+-------+-------+-------+-------++-------
Melee: Flail             |    93 |    67 |   107 |       ||   267
       Dire flail        |       |   143 |   209 |   700 ||  1052
Throw: Throwing net      |       |       |       |     4 ||     4
  Use: Scroll            |     2 |     3 |     5 |     8 ||    18
       Potion            |       |       |       |     2 ||     2
 Stab: Sleeping          |     1 |       |       |     3 ||     4
       Distracted        |       |       |       |     1 ||     1
       Held in net/web   |       |       |       |     2 ||     2
Armor: Leather armour    |    50 |    65 |    65 |       ||   180
       Steam dragon scal |       |       |     5 |   198 ||   203
Dodge: Dodged            |    90 |   191 |   270 |   698 ||  1249
